 Dungeon Crawl Stone Soup version 0.26.1-11-gd32895ea62 (webtiles) character file.

Game seed: 10904864884328981844

62 Mattiprrivan the Chopper (level 3, 0/27 HPs)
             Began as a Mummy Gladiator on Apr 18, 2021.
             Slain by a hobgoblin
             ... wielding a +0 spear
             ... led by Robin
              (1 damage)
             ... on level 2 of the Dungeon.
             The game lasted 00:10:24 (1158 turns).

Mattiprrivan the Chopper (Mummy Gladiator)          Turns: 1158, Time: 00:10:26

Health: 0/27       AC:  4    Str: 18    XL:     3   Next: 85%
Magic:  3/3        EV: 12    Int:  7    God:
Gold:   98         SH:  0    Dex: 13    Spells: 2/2 levels left

rFire    x . .     SeeInvis .   a - +0 war axe
rCold    + . .     Faith    .   (no shield)
rNeg     + + +     Spirit   .   b - +0 leather armour
rPois    ∞         Reflect  .   c - +0 helmet
rElec    .         Harm     .   (no cloak)
rCorr    .         Rampage  .   (no gloves)
Will     .....                  (no boots)
Stlth    +.........             e - amulet of the acrobat
HPRegen  0.09/turn              (no ring)
MPRegen  0.08/turn              (no ring)

@: no status effects
A: no potions, fire vulnerability, cold resistance 1, negative energy resistance
3, torment resistance, unbreathing
a: no special abilities


You were on level 2 of the Dungeon.
You visited 1 branch of the dungeon, and saw 2 of its levels.

You collected 98 gold pieces.

Inventory:

Hand Weapons
 a - a +0 war axe (weapon)
Missiles
 d - 2 throwing nets (quivered)
Armour
 b - a +0 leather armour (worn)
 c - a +0 helmet (worn)
Jewellery
 e - an amulet of the acrobat (around neck)
 f - an uncursed amulet of faith


   Skills:
 * Level 2.2 Fighting
 * Level 3.2 Axes
 * Level 1.8 Throwing
 * Level 0.9 Armour
 * Level 2.8 Dodging
 + Level 0.1 Stealth


You had 2 spell levels left.
You didn't know any spells.
Your spell library was empty.

Dungeon Overview and Level Annotations

Branches:
Dungeon (2/15)

Altars:
Elyvilon

Annotations:
D:2 Robin


Innate Abilities, Weirdness & Mutations

You do not drink.
Your flesh is vulnerable to fire.
You are immune to poison.
Your flesh is cold resistant. (rC+)
You are immune to negative energy. (rN+++)
You are immune to unholy pain and torment.
You can survive without breathing.


Message History

The hobgoblin is heavily wounded.
The hobgoblin hits you with a +0 spear.
* * * LOW HITPOINT WARNING * * *
The hobgoblin hits you with a +0 spear.
* * * LOW HITPOINT WARNING * * *
Robin says, "A pitiful Mummy like you will never find the ORB!"
Cleave: a) +0 war axe
Press: ? - help, Dir - move target, f/p - hobgoblin
Aim: a hobgoblin, wielding a +0 spear (heavily wounded, strong)
You hit the hobgoblin but do no damage.
The hobgoblin is heavily wounded.
The hobgoblin no longer looks unusually strong.
The hobgoblin barely misses you.
Cleave: a) +0 war axe
Press: ? - help, Dir - move target, f/p - hobgoblin
Aim: a hobgoblin, wielding a +0 spear (heavily wounded, strong)
You barely miss the hobgoblin.
The hobgoblin is heavily wounded.
The hobgoblin hits you with a +0 spear.
You die...

#......# #......#
#..##### #..# ###
###.(##### [.. .........
#.. ####..##...
###..g########.....##...
#....gg@.(..##.#........
#.#...#####.##.#####.###
#.. #.##.# #.# ...
#....# #.# ... ######
#.# .. #.# . #.# #..


You could see Robin and 2 hobgoblins.

Vanquished Creatures
  An adder (D:2)
  2 dart slugs (D:1)
  2 leopard geckos (D:1)
  A ball python (D:1)
  2 bats (D:2)
  3 giant cockroaches
  11 goblins
  8 hobgoblins
  A frilled lizard (D:1)
  3 kobolds (D:1)
  8 rats (D:1)
42 creatures vanquished.

Notes
Turn   | Place    | Note
-------+----------+-------------------------------------------
     0 | D:1      | Mattiprrivan the Mummy Gladiator began the quest for the
                  | Orb.
     0 | D:1      | Reached XP level 1. HP: 16/16 MP: 1/1
    52 | D:1      | Reached XP level 2. HP: 12/22 MP: 2/2
   532 | D:1      | Found a white marble altar of Elyvilon.
   740 | D:1      | Reached XP level 3. HP: 27/27 MP: 3/3
   955 | D:2      | Reached skill level 3 in Axes
  1142 | D:2      | Noticed Robin
  1156 | D:2      | HP: 1/27 [hobgoblin/+0 spear[Robin] (6)]
  1158 | D:2      | Slain by a hobgoblin

Illustrated notes

Levels and vault maps discovered:
D:1:      grunt_arrival_lava_bath, layout_basic, kennysheep_flooded_box,
          hangedman_feature_mirror
D:2:      layout_basic, uniq_robin

Skill      XL: |  1  2  3 |
---------------+----------+-----
Axes           | 3 |  3.2
Fighting       | |  2.2
Throwing       | |  1.8
Armour         | |  0.9
Dodging        | |  2.8
Stealth        | |  0.1

Action                   || total
-------------------------++-------
Melee: War axe           ||    92
Throw: Throwing net      ||     1
  Use: Scroll            ||     7
 Stab: Sleeping          ||     1
Armor: Leather armour    ||    20
Dodge: Dodged            ||    82
